 Dungeon Crawl Stone Soup version 0.23-a0-4-g8f018a2 (webtiles) character file.

118961 Loudmushroom the Warrior (level 16, -8/157 HPs)
             Began as a Minotaur Berserker on July 30, 2018.
             Was the Champion of Trog.
             Succumbed to a swamp dragon's poison gas
             ... on level 4 of the Swamp on July 31, 2018.
             The game lasted 04:26:44 (34087 turns).

Loudmushroom the Warrior (Minotaur Berserker)      Turns: 34087, Time: 04:26:45

Health: -8/157     AC: 30    Str: 24    XL:     16   Next: 26%
Magic:  22/22      EV: 15    Int:  4    God:    Trog [******]
Gold:   2442       SH:  0    Dex: 15    Spells: 15/15 levels left

rFire    + . .     SeeInvis .   B - +10 war axe of Callousness {speed, *Drain rElec rF+}
rCold    + . .     Gourm    .   (no shield)
rNeg     . . .     Faith    +   Z - +4 plate armour
rPois    .         Spirit   .   w - +1 hat {MR+}
rElec    +         Reflect  .   y - +2 cloak {+Inv}
rCorr    .         Harm     .   K - +2 pair of gloves
MR       ++...                  r - +0 pair of boots
Stlth    ..........             W - amulet of faith
HPRegen  0.36/turn              A - ring of protection from cold
MPRegen  0.18/turn              Q - +2 ring of slaying

@: lethally poisoned (-8 -> -117), berserk cooldown, slowed, very slow
A: retaliatory headbutt, horns 2
a: Berserk, Trog's Hand, Brothers in Arms, Renounce Religion, Evoke Invisibility


You were on level 4 of the Swamp.
You worshipped Trog.
Trog was exalted by your worship.
You were not hungry.

You visited 4 branches of the dungeon, and saw 24 of its levels.

You collected 2654 gold pieces.
You spent 212 gold pieces at shops.

Inventory:

Hand Weapons
 a - a +4 battleaxe of flaming
 s - a +4 longbow of velocity
 B - the +10 war axe of Callousness (weapon) {speed, *Drain rElec rF+}
   (You bought it in a shop on level 4 of the Dungeon)

   Attacks with this weapon are significantly faster.
   It protects you from fire.
   It insulates you from electricity.
   It causes draining when unequipped.
 M - a +7 antimagic executioner's axe
 S - a +10 antimagic broad axe
Missiles
 j - 12 javelins (quivered)
 n - 29 tomahawks
 v - 8 exploding tomahawks
Armour
 e - the +2 ring mail of Imperfection {+Fly rC+++ MR- Dex+4}
   (You found it on level 1 of the Swamp)

   It affects your dexterity (+4).
   It renders you almost immune to cold.
   It affects your resistance to hostile enchantments.
   It lets you fly.
 r - a +0 pair of boots (worn)
 w - a +1 hat of magic resistance (worn)
 y - a +2 cloak of invisibility (worn)
 K - a +2 pair of gloves (worn)
 T - a +1 ring mail of cold resistance
 X - a +1 plate armour of poison resistance
 Z - a +4 plate armour (worn)
Jewellery
 b - an uncursed ring of fire
 A - a ring of protection from cold (left hand)
 I - an uncursed ring of flight
 N - an uncursed amulet of regeneration
 Q - a +2 ring of slaying (right hand)
 W - an amulet of faith (around neck)
Wands
 f - a wand of iceblast (25)
 i - a wand of digging (13)
 l - a wand of paralysis (35)
 t - a wand of polymorph (10)
 F - a wand of scattershot (5)
 J - a wand of flame (18)
 R - a wand of enslavement (41)
 V - a wand of acid (15)
Scrolls
 d - 11 scrolls of teleportation
 h - 4 scrolls of magic mapping
 k - a scroll of identify
 q - 7 scrolls of remove curse
 x - 2 scrolls of blinking
 C - 2 scrolls of fog
 E - 2 scrolls of fear
 P - a scroll of summoning
Potions
 g - 4 potions of haste
 m - a potion of magic {unknown}
 o - 7 potions of curing
 p - 5 potions of agility
 z - 4 potions of flight
 D - 3 potions of heal wounds
 G - 3 potions of ambrosia
 H - 2 potions of invisibility
 L - 4 potions of lignification
 U - 2 potions of mutation
Miscellaneous
 u - a fan of gales
 Y - a sack of spiders
Comestibles
 c - 21 rations


   Skills:
 * Level 18.1 Fighting
 - Level 16.0 Axes
 + Level 15.2 Armour
 + Level 14.1 Dodging
 + Level 9.8 Evocations


You had 15 spell levels left.
You didn't know any spells.
Your spell library contained the following spells:

 Spells                   Type           Power        Failure   Level  Hunger
 Magic Dart               Conj           #...         99%         1    ##.....
 Conjure Flame            Conj/Fire      #.......     100%        3    ####...
 Slow                     Hex            #.......     100%        2    ###....
 Confuse                  Hex            #.......     100%        3    ####...
 Invisibility             Hex            #.......     100%        6    #######
 Mephitic Cloud           Conj/Pois/Air  #.......     100%        3    ####...
 Blink                    Tloc           N/A          100%        2    ###....
 Call Imp                 Summ           #.......     100%        2    ###....
 Regeneration             Chrm/Necr      #.........   100%        3    ####...
 Tukima's Dance           Hex            #.......     100%        3    ####...
 Stone Arrow              Conj/Erth      #.....       100%        3    ####...
 Swiftness                Chrm/Air       #.......     100%        2    ###....
 Passwall                 Tmut/Erth      #.......     100%        2    ###....
 Ensorcelled Hibernation  Hex/Ice        #.....       100%        2    ###....
 Corona                   Hex            #......      99%         1    ##.....
 Lee's Rapid Deconstruct  Erth           #.........   100%        5    ######.
 Sandblast                Erth           #.....       99%         1    ##.....
 Petrify                  Tmut/Erth      #.......     100%        4    #####..
 Passage of Golubria      Tloc           N/A          100%        4    #####..
 Darkness                 Hex            #.........   100%        6    #######
 Shroud of Golubria       Chrm/Tloc      #.........   100%        2    ###....
 Dazzling Spray           Conj/Hex       #.....       100%        3    ####...
 Infusion                 Chrm           #...         99%         1    ##.....
 Song of Slaying          Chrm           #.......     100%        2    ###....
 Spectral Weapon          Hex/Chrm       #.......     100%        3    ####...


Dungeon Overview and Level Annotations

Branches:
Dungeon (12/15)            Temple (0/1) D:5            Lair (6/6) D:11
  Swamp (4/4) Lair:2       Spider (0/4) Lair:3        Slime (0/5) Lair:5
    Orc (2/2) D:12            Elf (0/3) Orc:2

Altars:
Cheibriados
Dithmenos
Gozag
Hepliaklqana
Kikubaaqudgha
Makhleb
Nemelex Xobeh
Okawaru
Qazlal
Ru
Sif Muna
Trog
Uskayaw
Wu Jian
Xom
Jiyva

Shops:
D:4 [*(*(   D:11 *(   D:12 }   Orc:2 =}=[:

Annotations:
Lair:2 exclusion: oklob plant
Lair:4 exclusion: oklob plant


Innate Abilities, Weirdness & Mutations

You reflexively headbutt those who attack you in melee.
You have a pair of horns on your head.


Message History

You feel very sick.
There is a lethal amount of poison in your body!
There is a lethal amount of poison in your body!
There is a lethal amount of poison in your body!
* * * LOW HITPOINT WARNING * * *
You feel extremely sick.
The swamp dragon breathes poison at you.
The blast of poison misses you.
You enter the shallow water.
Moving in this stuff is going to be slow.
You are engulfed in poison gas.
You are more poisoned.
* * * LOW HITPOINT WARNING * * *
x2 You feel extremely sick.
The swamp dragon breathes poison at you.
The blast of poison engulfs you!
You are more poisoned.
You are engulfed in poison gas.
You are more poisoned.
You die...

♣.≈..♣♣.. ♣♣♣..♣ ♣ ≈≈≈
§≈≈ ♣ ♣♣♣ ♣♣♣≈≈≈ ≈≈.
♣♣.≈.. ..≈≈ ♣ ♣≈... ≈..
♣♣♣♣♣♣♣♣♣♣≈≈♣♣♣♣♣♣♣♣≈.
♣♣..†.≈≈♣§.§♣≈≈♣≈♣§§♣♣♣.≈
♣.≈≈.≈≈.≈≈.≈♣≈≈§§♣§§.≈≈.≈
.÷≈≈≈†≈†..:†..§D@§§§....≈
≈≈≈≈§§≈§≈♣♣♣.≈§.§§≈§..≈..
≈≈≈≈≈≈≈≈.♣♣≈.≈≈..§≈≈.....
≈≈≈≈≈§..♣♣.≈≈≈...♣.≈.♣♣♣.
≈≈≈≈.≈...§≈§..≈.≈....≈♣
≈....♣♣♣≈♣≈≈.≈♣.≈≈....♣
♣♣♣♣♣.≈ ♣≈.≈♣≈≈..≈..≈≈..
♣ .≈.≈≈♣♣##♣≈≈.♣♣..≈§ ♣
.≈


You could see a swamp dragon.

Vanquished Creatures
  Kirke (Swamp:1)
  Gastronok (D:11)
  2 entropy weavers (Lair:6)
  A very ugly thing (Swamp:3)
  The ghost of HydraWiggins the Skirmisher, a journeyman TrMo of Sif Muna (D:12)
  Josephine (Orc:2)
  Fannar (D:12)
  The ghost of Conn321 the Thaumaturge, a journeyman OpWz of Sif Muna (Lair:3)
  A ghost crab (Swamp:3)
  A catoblepas (Lair:5)
  A centaur warrior (Orc:1)
  19 hydras
  5 death knights
  6 two-headed ogres
  A queen ant (Lair:6)
  17 alligators
  4 death yaks
  Urug (D:11)
  2 unseen horrors (D:10)
  A skeletal warrior (D:11)
  8 swamp dragons
  3 spriggan druids
  2 shambling mangroves
  3 orc knights (Orc:1)
  A wolf spider (Lair:4)
  2 orc sorcerers (Orc:2)
  An ugly thing (D:12)
  4 elephants
  Joseph (D:8)
  14 spiny frogs
  4 black mambas
  A kobold demonologist (D:11)
  2 centaur skeletons (D:11)
  2 rime drakes (Lair:4)
  A freezing wraith (D:11)
  3 komodo dragons
  5 trolls
  3 polar bears (Lair:6)
  16 hornets
  Prince Ribbit (D:9)
  6 tyrant leeches
  3 slime creatures (Swamp:3)
  9 blink frogs
  7 bog bodies
  14 hippogriffs
  2 dream sheep (Lair:6)
  2 redbacks (Lair:3)
  Sigmund (D:6)
  26 spriggans
  3 hogs (Swamp:1)
  2 wyverns
  6 wraiths
  28 yaks
  Grum (D:10)
  A hungry ghost (D:10)
  4 basilisks
  28 vampire mosquitoes
  A warg (Orc:2)
  9 insubstantial wisps
  16 swamp worms
  25 soldier ants (Lair:6)
  15 water moccasins
  14 porcupines
  2 phantoms
  15 swamp drakes
  38 orc warriors
  4 ice beasts
  3 sky beasts
  6 necrophages
  A black bear (Lair:6)
  17 centaurs
  8 ogres
  3 boggarts (Lair:6)
  20 wolves
  13 crocodiles
  A gnoll sergeant (D:9)
  16 bullfrogs
  A water moccasin zombie (D:10)
  A water moccasin skeleton (D:7)
  12 killer bees
  3 scorpions
  10 wights
  2 electric eels (Lair:1)
  2 howler monkeys (D:10)
  2 crimson imps
  A quasit (D:7)
  14 orc priests
  3 jellies
  2 centaur zombies
  3 bullfrog skeletons
  8 hounds
  3 bullfrog zombies
  3 iguanas
  Natasha (thrice) (D:2)
  11 orc wizards
  24 worker ants
  29 adders
  3 gnolls (D:9)
  A howler monkey skeleton (D:5)
  2 shadow imps
  An adder skeleton (D:5)
  An adder zombie (D:6)
  2 dart slugs
  4 worms
  5 leopard geckos
  88 orcs
  2 ball pythons (D:1)
  9 bats
  6 giant cockroaches
  4 hobgoblins
  7 jackals
  5 kobolds
  5 quokkas
  9 frilled lizards
  5 goblins
  A jackal skeleton (D:6)
  A quokka skeleton (D:5)
  8 rats
  3 fungi
  4 plants
828 creatures vanquished.

Vanquished Creatures (others)
  A jackal (D:3)
  11 fungi
  9 plants
21 creatures vanquished.

Grand Total: 849 creatures vanquished

Notes
Turn   | Place    | Note
-------+----------+-------------------------------------------
     0 | D:1      | Loudmushroom the Minotaur Berserker began the quest for the Orb.
     0 | D:1      | Reached XP level 1. HP: 19/19 MP: 0/0
   264 | D:1      | Reached XP level 2. HP: 27/27 MP: 1/1
  1268 | D:2      | Reached skill level 4 in Fighting
  1268 | D:2      | Reached XP level 3. HP: 33/33 MP: 2/2
  1273 | D:2      | Reached ** piety under Trog
  1369 | D:2      | Found an opulent altar of Gozag.
  1369 | D:2      | Found a sparkling altar of Nemelex Xobeh.
  1430 | D:2      | Noticed Natasha
  1442 | D:2      | Killed Natasha
  1442 | D:2      | Reached XP level 4. HP: 25/40 MP: 3/3
  1450 | D:2      | Noticed Natasha
  1470 | D:2      | Killed Natasha
  1671 | D:2      | Found a shadowy altar of Dithmenos.
  1708 | D:2      | Noticed Natasha
  1717 | D:2      | Killed Natasha
  1717 | D:2      | Reached skill level 5 in Axes
  2292 | D:2      | Reached XP level 5. HP: 45/47 MP: 4/4
  2803 | D:3      | Reached *** piety under Trog
  3202 | D:4      | Found Qitonabe's Antique Weapon Shop.
  3222 | D:4      | Reached XP level 6. HP: 38/55 MP: 5/5
  3421 | D:4      | Found Efaimipn's Weapon Boutique.
  3637 | D:4      | Found Oxeeneum's General Store.
  3686 | D:4      | Reached skill level 5 in Fighting
  3766 | D:4      | Found Muamin's Assorted Antiques.
  3838 | D:4      | Found Nacsek's Antique Armour Emporium.
  3948 | D:5      | Entered Level 5 of the Dungeon
  3948 | D:5      | Noticed an ice beast
  4007 | D:5      | Killed an ice beast
  4084 | D:5      | Found a staircase to the Ecumenical Temple.
  4570 | D:5      | Reached XP level 7. HP: 61/61 MP: 6/6
  5216 | D:6      | Reached skill level 5 in Armour
  5230 | D:6      | Reached **** piety under Trog
  5785 | D:4      | Bought a twisted war axe for 212 gold pieces
  5785 | D:4      | Identified the +10 war axe of Callousness {speed, *Drain rElec rF+} (You bought it in a shop on level 4 of the Dungeon)
  5863 | D:6      | Reached skill level 6 in Fighting
  5909 | D:6      | Noticed Sigmund
  5953 | D:5      | Reached XP level 8. HP: 46/70 MP: 7/7
  6077 | D:5      | Reached skill level 5 in Dodging
  6526 | D:6      | Killed Sigmund
  6752 | D:6      | Found an iron altar of Okawaru.
  6782 | D:6      | Found a bloodstained altar of Trog.
  6956 | D:7      | Reached skill level 7 in Fighting
  7063 | D:7      | Noticed a hippogriff
  7070 | D:7      | Killed a hippogriff
  7070 | D:7      | Reached XP level 9. HP: 71/79 MP: 8/8
  7254 | D:7      | Reached skill level 10 in Axes
  7588 | D:7      | Found an iron altar of Okawaru.
  7661 | D:7      | Reached skill level 8 in Fighting
  8628 | D:8      | Noticed Joseph
  8646 | D:8      | Killed Joseph
  8646 | D:8      | Reached XP level 10. HP: 81/90 MP: 9/9
  8897 | D:8      | Found a snail-covered altar of Cheibriados.
  8897 | D:8      | Found a burning altar of Makhleb.
  8898 | D:8      | Found a stormy altar of Qazlal.
  9061 | D:8      | Found a deep blue altar of Sif Muna.
  9061 | D:8      | Found a hazy altar of Hepliaklqana.
  9255 | D:9      | Noticed Prince Ribbit
  9258 | D:9      | Killed Prince Ribbit
  9296 | D:9      | Reached skill level 9 in Fighting
  9297 | D:9      | Noticed a two-headed ogre
  9436 | D:9      | Killed a two-headed ogre
  9437 | D:9      | Reached ***** piety under Trog
  9849 | D:9      | Found a hide-covered altar of Uskayaw.
 10044 | D:9      | Found an ornate altar of the Wu Jian Council.
 10060 | D:9      | Found an ancient bone altar of Kikubaaqudgha.
 10094 | D:10     | Entered Level 10 of the Dungeon
 10164 | D:10     | Killed an unseen horror
 10254 | D:10     | Noticed Grum
 10264 | D:10     | Killed Grum
 10388 | D:10     | Found an iron altar of Okawaru.
 10391 | D:10     | Noticed a two-headed ogre
 10398 | D:10     | Killed a two-headed ogre
 10398 | D:10     | Reached XP level 11. HP: 86/99 MP: 10/10
 10645 | D:10     | Got a scorched ring mail
 10656 | D:10     | Identified the +0 ring mail of the Twelve Tables {rF+} (You found it on level 10 of the Dungeon)
 10699 | D:10     | Reached skill level 10 in Fighting
 10990 | D:10     | Received a gift from Trog
 11025 | D:11     | Found a staircase to the Lair.
 11026 | D:11     | Noticed Urug
 11200 | D:10     | Killed an unseen horror
 11369 | D:11     | Reached skill level 1 in Evocations
 11372 | D:11     | Killed Urug
 11372 | D:11     | Reached skill level 10 in Armour
 12049 | D:11     | Noticed a death knight
 12051 | D:11     | Noticed a death knight
 12061 | D:11     | Noticed a death knight
 12064 | D:11     | Killed a death knight
 12182 | D:10     | Killed a death knight
 12201 | D:11     | Killed a death knight
 12253 | D:11     | Noticed a death knight
 12276 | D:11     | Noticed a death knight
 12304 | D:10     | Killed a death knight
 12467 | D:11     | Killed a death knight
 12467 | D:11     | Reached skill level 11 in Fighting
 12467 | D:11     | Reached XP level 12. HP: 91/110 MP: 13/13
 12551 | D:11     | Noticed a two-headed ogre
 12560 | D:11     | Killed a two-headed ogre
 12605 | D:11     | Found Woderch's Assorted Antiques.
 12667 | D:11     | Received a gift from Trog
 13032 | D:11     | Found Ulid's Weapon Shop.
 13171 | Lair:1   | Entered Level 1 of the Lair of Beasts
 13180 | Lair:1   | Reached skill level 10 in Dodging
 13331 | Lair:1   | Upgraded the game from 0.22-a0-880-gb7b0c8b to 0.23-a0-4-g8f018a2
 13598 | Lair:1   | Noticed a four-headed hydra
 13610 | Lair:1   | Killed a seven-headed hydra
 13783 | Lair:1   | Reached skill level 15 in Axes
 14973 | Lair:2   | Found a staircase to the Swamp.
 15423 | Lair:3   | Found a hole to the Spider Nest.
 15498 | Lair:3   | Noticed a death yak
 15502 | Lair:3   | Noticed a five-headed hydra
 15530 | Lair:3   | Noticed a death yak
 15546 | Lair:2   | Killed a 12-headed hydra
 15735 | Lair:3   | Noticed a death yak
 15743 | Lair:2   | Killed a death yak
 15903 | Lair:3   | Noticed a death yak
 15912 | Lair:2   | Killed a death yak
 15967 | Lair:3   | Killed a death yak
 15967 | Lair:3   | Reached skill level 12 in Fighting
 15976 | Lair:3   | Killed a death yak
 15976 | Lair:3   | Reached XP level 13. HP: 82/118 MP: 15/15
 16203 | Lair:3   | Found a shimmering altar of Xom.
 16212 | Lair:3   | Found a transporter.
 16223 | Lair:3   | Noticed Conn321's ghost (journeyman OpWz)
 16225 | Lair:3   | Found a transporter.
 16283 | Lair:3   | Reached skill level 5 in Evocations
 16518 | Lair:3   | Received a gift from Trog
 16933 | Lair:3   | Killed Conn321's ghost
 17329 | Lair:4   | Found a sacrificial altar of Ru.
 18237 | Lair:5   | Identified the cursed +1 chain mail of Bonleple {rCorr} (You found it on level 5 of the Lair of Beasts)
 18372 | Lair:5   | Reached skill level 13 in Fighting
 18527 | Lair:5   | Found a viscous altar of Jiyva.
 18527 | Lair:5   | Found a staircase to the Slime Pits.
 19169 | Lair:6   | Entered Level 6 of the Lair of Beasts
 19276 | Lair:6   | Noticed an entropy weaver
 19301 | Lair:6   | Received a gift from Trog
 19309 | Lair:6   | Killed an entropy weaver
 19509 | Lair:5   | Identified a scroll of acquirement
 19678 | Lair:6   | Noticed an entropy weaver
 19693 | Lair:6   | Killed an entropy weaver
 19806 | Lair:6   | Reached XP level 14. HP: 130/130 MP: 17/17
 19899 | Lair:6   | Reached skill level 14 in Fighting
 20712 | Lair:6   | Paralysed by a hornet for 1 turns
 20763 | Lair:6   | Reached ****** piety under Trog
 20779 | Lair:6   | Received a gift from Trog
 21686 | D:11     | Noticed Gastronok
 21715 | D:11     | Killed Gastronok
 22015 | D:11     | HP: 5/133 [??? (2)]
 22543 | D:12     | Found a runed gate.
 22543 | D:12     | Found a runed gate.
 22543 | D:12     | Found a runed gate.
 22555 | D:12     | Noticed HydraWiggins's ghost (journeyman TrMo)
 22565 | D:12     | Killed HydraWiggins's ghost
 22759 | D:12     | Noticed Fannar
 22774 | D:12     | Killed Fannar
 22774 | D:12     | Reached skill level 15 in Fighting
 22869 | D:12     | Found Inuenlie's Gadget Shoppe.
 22874 | D:12     | Received a gift from Trog
 23050 | D:12     | Found a staircase to the Orcish Mines.
 23060 | Orc:1    | Entered Level 1 of the Orcish Mines
 23091 | Orc:1    | Found a frozen archway.
 23879 | Orc:2    | Entered Level 2 of the Orcish Mines
 25249 | Orc:1    | Received a gift from Trog
 25461 | Orc:2    | Paralysed by an orc sorcerer for 2 turns
 25621 | Orc:2    | Found a staircase to the Elven Halls.
 25782 | Orc:2    | Found Futielu's Jewellery Shop.
 26063 | Orc:2    | Noticed Josephine
 26096 | Orc:2    | Killed Josephine
 26291 | Orc:2    | Found Feerah's Jewellery Shop.
 26291 | Orc:2    | Found Foj Kid's Antique Armour Shoppe.
 26293 | Orc:2    | Found Hipyjom's Book Emporium.
 26295 | Orc:2    | Found Fabbotin's Gadget Boutique.
 27203 | Swamp:1  | Entered Level 1 of the Swamp
 27313 | Swamp:1  | Received a gift from Trog
 27531 | Swamp:1  | Reached XP level 15. HP: 143/143 MP: 20/20
 27657 | Swamp:1  | Noticed Kirke
 27675 | Swamp:1  | Reached skill level 16 in Fighting
 27676 | Swamp:1  | Killed Kirke
 28130 | Swamp:1  | Got a pitted ring mail
 28141 | Swamp:1  | Identified the +2 ring mail of Imperfection {+Fly rC+++ MR- Dex+4} (You found it on level 1 of the Swamp)
 29289 | Swamp:2  | Received a gift from Trog
 29290 | Swamp:2  | Paralysed by a hornet for 1 turns
 30880 | Swamp:3  | Reached skill level 17 in Fighting
 32442 | Swamp:4  | Entered Level 4 of the Swamp
 32445 | Swamp:4  | Received a gift from Trog
 32976 | Swamp:4  | Reached XP level 16. HP: 156/156 MP: 22/22
 33014 | Swamp:4  | Reached skill level 15 in Armour
 33742 | Swamp:4  | Reached skill level 18 in Fighting
 34086 | Swamp:4  | HP: 5/157 [poisoned by a swamp dragon (poison gas)]
 34087 | Swamp:4  | Succumbed to a swamp dragon's poison gas

Vault maps used:
D:1:      scummos_arrival_star, minmay_tetromino_t2
D:2:      grunt_temple_overflow_opulence, old_standard_altar, first_ration,
          minmay_misc_feat_encased, minmay_misc_feat_plants,
          minmay_misc_feat_ornament, grunt_decor_fettered, uniq_natasha
D:4:      serial_shops, nicolae_shop_waterfront,
          nicolae_shop_overgrown_old_shop, shop, nicolae_shop_waterfront,
          kennysheep_mini_moat
D:5:      minmay_temple_entry_trees
D:6:      grunt_temple_overflow_bloody_war, lightli_corner_chamber, uniq_sigmund
D:7:      okawaru_gym_becter
D:8:      gammafunk_temple_overflow_forgotten, gammafunk_temple_overflow_wave,
          uniq_joseph
D:9:      minitemple, nicolae_overflow_crystal_walls, uniq_prince_ribbit1
D:10:     basic_altar, serial_column_ruins, column_ruins_columns_T,
          column_ruins_grid_1, column_ruins_grid_2,
          column_ruins_corridor_corner, column_ruins_open_tiny,
          column_ruins_grid_4, column_ruins_open_small, uniq_grum
D:11:     cheibrodos_tormentor_scu, minmay_lair_entry_grove, serial_shops, shop,
          shop, uniq_urug, uniq_gastronok
D:12:     serial_shops, nicolae_shop_competitors_out_of_business, special_room,
          ebering_ghost_rock_garden, uniq_erolcha, uniq_fannar
Lair:1:   serial_bayou_lagoon_b
Lair:2:   minmay_swamp_entry_worms, minmay_holes, minmay_lair_oklob_chamber
Lair:3:   cheibrodos_lair_river_kwai, spider_nest_entry_webs, basic_altar,
          enter_volcano_2, gammafunk_ghost_arena
Lair:4:   minmay_lair_venomous_thicket, lemuel_oklob_altar
Lair:5:   dpeg_slime_entry_enclosed_altar
Lair:6:   minmay_lair_end_enchanted_forest, minivault_29
Swamp:1:  evilmike_swamp_ruin_house_1, uniq_kirke
Swamp:2:  infiniplex_staircase_pool, swamp_pool1
Swamp:3:  nicolae_swamp_dense_foliage
Swamp:4:  swamp
Orc:1:    portal_ice_cave_entry_pillars_1
Orc:2:    st_orc_rangers, serial_shops, shop_fountains, minmay_orc_keep,
          uniq_josephine

Skill      XL: |  1  2  3  4  5  6  7  8  9 10 11 12 13 14 15 16 |
---------------+-------------------------------------------------+-----
Axes           | 4 5 6 7 9 11 13 14 15 16 | 16.0
Fighting       | 4 5 6 7 8 9 11 12 13 15 17 18 | 18.1
Armour         | 3 4 5 6 8 9 10 11 12 13 14 15 | 15.2
Dodging        | 3 4 6 7 8 9 10 11 12 13 14 | 14.1
Evocations     | 3 4 6 8 9 |  9.8

Action                   |  1- 3 |  4- 6 |  7- 9 | 10-12 | 13-15 | 16-18 || total
-------------------------+-------+-------+-------+-------+-------+-------++-------
Melee: Hand axe          |    60 |   223 |    41 |       |       |       ||   324
       Headbutt          |    12 |    32 |    38 |   109 |   279 |    37 ||   507
       War axe           |       |       |   139 |   433 |  1270 |   113 ||  1955
 Fire: Hunting sling     |       |     4 |       |       |       |       ||     4
Throw: Javelin           |       |     3 |    25 |    26 |    10 |       ||    64
Invok: Trog's Hand       |       |     3 |     2 |     5 |     7 |       ||    17
       Berserk           |       |       |     2 |     2 |    14 |     5 ||    23
Evoke: Wand              |       |       |       |       |       |     1 ||     1
  Use: Scroll            |       |     9 |       |    10 |    23 |       ||    42
       Potion            |       |       |       |       |     1 |     1 ||     2
  Eat: Chunk             |     2 |     5 |     7 |    23 |    34 |     1 ||    72
       Ration            |       |     2 |     2 |     2 |     9 |     3 ||    18
Armor: Animal skin       |     8 |       |       |       |       |       ||     8
       Ring mail         |     8 |     2 |       |       |       |       ||    10
       Chain mail        |       |    84 |       |       |       |       ||    84
       Plate armour      |       |    31 |   101 |   241 |   679 |   120 ||  1172
Dodge: Dodged            |    37 |   103 |    78 |   193 |   707 |   111 ||  1229

Table legend:
 A = Spawn XP
 B = Non-spawn XP
 C = Spawn XP percentage of total XP
 D = Spawn monster count
 E = Non-spawn monster count
 F = Spawn count percentage of total count
 G = Total turns spent on level
                    A         B        C        D         E        F      G
               +---------+---------+-------+---------+---------+-------+---------
         Total |       0 |  169945 |   0.0 |       0 |     822 |   0.0 | 34087
               +---------+---------+-------+---------+---------+-------+---------
           D:1 |       0 |      36 |   0.0 |       0 |      20 |   0.0 |  1231
           D:2 |       0 |     164 |   0.0 |       0 |      20 |   0.0 |  1374
           D:3 |       0 |      80 |   0.0 |       0 |      28 |   0.0 |   462
           D:4 |       0 |     203 |   0.0 |       0 |      24 |   0.0 |  1105
           D:5 |       0 |     823 |   0.0 |       0 |      25 |   0.0 |  1816
           D:6 |       0 |     976 |   0.0 |       0 |      18 |   0.0 |   962
           D:7 |       0 |    2337 |   0.0 |       0 |      27 |   0.0 |  1180
           D:8 |       0 |    1506 |   0.0 |       0 |      18 |   0.0 |  1408
           D:9 |       0 |    2599 |   0.0 |       0 |      29 |   0.0 |   556
          D:10 |       0 |    7553 |   0.0 |       0 |      33 |   0.0 |  1904
          D:11 |       0 |   13838 |   0.0 |       0 |      53 |   0.0 |  2086
          D:12 |       0 |    5745 |   0.0 |       0 |      38 |   0.0 |   542
        Lair:1 |       0 |    3867 |   0.0 |       0 |      17 |   0.0 |  1217
        Lair:2 |       0 |    4596 |   0.0 |       0 |      14 |   0.0 |  1434
        Lair:3 |       0 |   11568 |   0.0 |       0 |      40 |   0.0 |  1391
        Lair:4 |       0 |    5242 |   0.0 |       0 |      34 |   0.0 |  1203
        Lair:5 |       0 |    6933 |   0.0 |       0 |      23 |   0.0 |  1291
        Lair:6 |       0 |   18504 |   0.0 |       0 |      92 |   0.0 |  2090
       Swamp:1 |       0 |    9040 |   0.0 |       0 |      29 |   0.0 |  1240
       Swamp:2 |       0 |   11875 |   0.0 |       0 |      29 |   0.0 |  1687
       Swamp:3 |       0 |   22647 |   0.0 |       0 |      51 |   0.0 |  2769
       Swamp:4 |       0 |   25223 |   0.0 |       0 |      52 |   0.0 |  1130
         Orc:1 |       0 |    9845 |   0.0 |       0 |      66 |   0.0 |  2632
         Orc:2 |       0 |    4745 |   0.0 |       0 |      42 |   0.0 |  1377
               +---------+---------+-------+---------+---------+-------+---------
